Workbook
Name OLE_LINK1: INSTRUCCIONES!#REF!

Sheet INSTRUCCIONES
B2: INSTRUCCIONES PARA LA CUMPLIMENTACIÓN DE LOS ANEXOS ECONÓMICOS INICIALES PLAN DE DESARROLLO GITANO PDG 2022
B3: 1. El presente documento Excel contiene los diferentes anexos que relacionan los costes en que podéis incurrir en el desarrollo del proyecto.
B4: 2. Anexo de Desglose de costes del proyecto: es el anexo global en el que se ha de relacionar la totalidad de gastos a realizar para el desarrollo del proyecto. Se encuentra dividido en dos grandes categorías de gastos (Personal y Gastos Corrientes), divididas a su vez en subconceptos. -IMPORTE TOTAL PROYECTO: hace referencia al coste total del proyecto por categoría de gasto y subconcepto. -IMPORTE TOTAL IMPUTADO A LA SUBVENCIÓN: hace referencia al coste total que se imputa a la subvención por categoría de gasto y subconcepto. -APORTACIÓN DE LA ENTIDAD: se refiere a la aportación económica que pudiera realizar la entidad local procedente de fondos propios o de otra subvención. NOTA: No resulta preceptiva la aportación económica por parte de la entidad local.
B5: 3. Los anexos correspondientes a gastos específicos (Personal, Colaboraciones técnicas, Becas y Dietas) van vinculados al Anexo de desglose de costes del proyecto correspondiente , de tal manera que en este anexo las celdas correspondientes a Personal, Colaboraciones técnicas, relación de becas y dietas, se cumplimentan automáticamente una vez se han rellenado los anexos específicos de aquellos conceptos del programa. Los importes de los gastos previstos en el resto de subconceptos: materiales, arrendamiento de equipos, alquiler de salas seguros, actividades de sensibilización, actividades culturales, etc. deberán incorporarse manualmente en el Anexo V. En caso de que la entidad local prevea realizar aportación económica, deberá cumplimentar la casilla correspondiente. En caso contrario el importe total del proyecto coincidirá con el importe total imputado a la subvención. Así mismo, las categorías de gasto "Personal" y "Gastos corrientes" también se autocompletan conforme se va cumplimentando el anexo. Para evitar la desconfiguración de los anexos se han sombreado en cada hoja aquellas celdas que se cumplimentan de forma automática a medida que vais rellenando los diferentes anexos y que por tanto no es preciso cumplimentar ni manipular.
B6: 4. Es importante que a la hora de planificar la distribución del presupuesto tengáis en cuenta los gastos y límites subvencionables de acuerdo a lo establecido en la Guía de Gestión (Artículo 9 del Decreto Regulador) . En caso de subcontratación,será también de aplicación lo establecido en la Guía.
B7: 5. Una vez cumplimentado el Libro Excel de “Anexos Económicos de Costes del Proyecto”, seleccionar todas las pestañas que hayan sido cumplimentadas (ñ tecla de mayúscula +pestaña) de las distintas hojas que componen el libro, excepto la pestaña de “Instrucciones”, con ellas seleccionadas se debe convertir el documento en un PDF que se firmará una única vez. No se aceptarán los anexos aportados individualmente.
B9: Muchas Gracias por vuestra atención.

Sheet  DESGL. COSTES PROYECTO
B6: DESGLOSE DE COSTES DEL PROYECTO
B7: DATOS DEL PROCEDIMIENTO: Subvenciones Plan Desarrollo Gitano 2022
B8: CÓDIGO DEL PROCEDIMIENTO: Concesión directa-3494
B9: ENTIDAD LOCAL:
B10: PROYECTO:
B11: PERIODO DE EJECUCIÓN:
D12: Proyecto inicial £
B13: Los gastos relacionados a continuación están referidos a los siguientes:
B14: CONCEPTOS | E14: IMPORTE TOTAL PROYECTO | F14: IMPORTE TOTAL SUBVENCIÓN | G14: APORTACIÓN ENTIDAD
B15: 1 | C15: PERSONAL | E15: =E16+E17 -> 0 | F15: =F16+F17 -> 0 | G15: =G16+G17 -> 0
B16: 1.1 | C16: Personal técnico contratado/imputado por la entidad local (Es obligatorio destinar al menos el 10% de la subvención a conceder). | E16: ='PERSONAL '!$L$22 -> 0 | F16: ='PERSONAL '!$N$22 -> 0 | G16: ='PERSONAL '!$O$22 -> 0
B17: 1.2 | C17: Servicios o colaboraciones técnicas externas: Monitores, profesorado. Personas físicas que desempeñan servicios por cuenta propia (cursos, conferencias, charlas…). | E17: =' COLAB TÉCNICAS'!$M$26 -> 0 | F17: =' COLAB TÉCNICAS'!$O$26 -> 0 | G17: =' COLAB TÉCNICAS'!$P$26 -> 0
B18: 2 | C18: GASTOS CORRIENTES: | E18: =SUM(E19:E33) -> 0 | F18: =SUM(F19:F33) -> 0 | G18: =SUM(G19:G33) -> 0
B19: 2.1 | C19: MANTENIMIENTO Y ACTIVIDADES | D19: Materiales para el desarrollo de las actividades | E19: 0 | F19: 0 | G19: 0
D20: Arrendamiento de equipamiento para el desarrollo de actividades. Especificar: | E20: 0 | F20: 0 | G20: 0
D21: Alquileres de salas o espacios | E21: 0 | F21: 0 | G21: 0
D22: Becas asistencia acciones formativas | E22: ='BECAS ASIST. TTE.'!$L$26 -> 0 | F22: ='BECAS ASIST. TTE.'!$N$26 -> 0 | G22: ='BECAS ASIST. TTE.'!$O$26 -> 0
D23: Becas de transporte acciones formativas | E23: ='BECAS ASIST. TTE.'!$L$50 -> 0 | F23: ='BECAS ASIST. TTE.'!$N$50 -> 0 | G23: ='BECAS ASIST. TTE.'!$O$50 -> 0
D24: Seguros de accidentes y responsabilidad | E24: 0 | F24: 0 | G24: 0
D25: Actividades de sensibilización y lucha contra la discriminación | E25: 0 | F25: 0 | G25: 0
D26: Actividades culturales y lúdicas. (Límite del 20% de la subvención) | E26: 0 | F26: 0 | G26: 0
D27: Actividades lúdicas relacionadas con la Celebración del Día Internacional del Pueblo Gitano.(Límite del 5% de la subvención) | E27: 0 | F27: 0 | G27: 0
D28: Servicios y medidas de conciliación | E28: 0 | F28: 0 | G28: 0
D29: Publicidad, propaganda y difusión (Límite del 2% de la subvención) | E29: 0 | F29: 0 | G29: 0
D30: Subcontrataciones .Especificar cada una de las subcontrataciones a realizar: (Límite del 90% de la subvención) ® ® | E30: 0 | F30: 0 | G30: 0
D31: Gastos del local donde se desarrolla el proyecto : luz, agua, gas, calefacción, comunicaciones, limpieza y reparación simple. (Límite del 10% de la subvención) Especificar: | E31: 0 | F31: 0 | G31: 0
D32: Otros gastos necesarios para el desarrollo del proyecto. Especificar: | E32: 0 | F32: 0 | G32: 0
B33: 2.2 | C33: DIETAS (Transporte): | E33: =' DIETAS'!$F$21 -> 0 | F33: =' DIETAS'!$H$21 -> 0 | G33: =' DIETAS'!$I$21 -> 0
D34: COSTE TOTAL | E34: =E15+E18 -> 0 | F34: =F15+F18 -> 0 | G34: =G15+G18 -> 0
D35: Documento firmado electrónicamente por EL/LA REPRESENTANTE DE LA ENTIDAD
B36: “Los datos consignados en este documento serán tratados de acuerdo a la Ley Orgánica 3/2018, de 5 de diciembre, de Protección de Datos Personales y garantía de los derechos digitales"

Sheet PERSONAL 
B6: RELACIÓN DE COSTES DE PERSONAL
B8: ENTIDAD LOCAL:
B9: PROYECTO:
B10: PERIODO DE EJECUCIÓN :
B11: D./Dª. , con NIF como representante legal de dicha entidad
B13: DECLARO CERTIFICO, que en relación con la subvención, los costes de personal previstos son:
B14: APELLIDOS Y NOMBRE DEL TRABAJADOR/A | C14: NIF | D14: CATEGORÍA LABORAL | E14: JORNADA LABORAL | F14: SUELDO BRUTO MENSUAL | G14: CUOTAS SEG. SOC. MENSUAL | H14: TOTAL COSTES TRABAJADOR/A MES | I14: PERIODO DE CONTRATACIÓN | J14: COSTE TOTAL | K14: %IMPUTADO AL PROYECTO | L14: TOTAL IMPUTADO PROYECTO | M14: % IMPUTADO SUBVENCIÓN | N14: TOTAL IMPUTACIÓN SUBVENCIÓN | O14: APORTACIÓN ENTIDAD
F16: 0 | G16: 0 | H16: 0 | J16: 0 | K16: 0 | L16: =IF(ISBLANK(J16),"",(J16*K16)) -> 0 | M16: 0 | N16: =IF(ISBLANK(L16),"",(L16*M16)) -> 0 | O16: =SUM(L16-N16) -> 0
F17: 0 | G17: 0 | H17: =SUM(F17+G17) -> 0 | J17: 0 | K17: 0 | L17: =IF(ISBLANK(J17),"",(J17*K17)) -> 0 | M17: 0 | N17: =IF(ISBLANK(L17),"",(L17*M17)) -> 0 | O17: =SUM(L17-N17) -> 0
F18: 0 | G18: 0 | H18: =SUM(F18+G18) -> 0 | J18: 0 | K18: 0 | L18: =IF(ISBLANK(J18),"",(J18*K18)) -> 0 | M18: 0 | N18: =IF(ISBLANK(L18),"",(L18*M18)) -> 0 | O18: =SUM(L18-N18) -> 0
F19: 0 | G19: 0 | H19: =SUM(F19+G19) -> 0 | J19: 0 | K19: 0 | L19: =IF(ISBLANK(J19),"",(J19*K19)) -> 0 | M19: 0 | N19: =IF(ISBLANK(L19),"",(L19*M19)) -> 0 | O19: =SUM(L19-N19) -> 0
F20: 0 | G20: 0 | H20: =SUM(F20+G20) -> 0 | J20: 0 | K20: 0 | L20: =IF(ISBLANK(J20),"",(J20*K20)) -> 0 | M20: 0 | N20: =IF(ISBLANK(L20),"",(L20*M20)) -> 0 | O20: =SUM(L20-N20) -> 0
F21: 0 | G21: 0 | H21: =SUM(F21+G21) -> 0 | J21: 0 | K21: 0 | L21: =IF(ISBLANK(J21),"",(J21*K21)) -> 0 | M21: 0 | N21: =IF(ISBLANK(L21),"",(L21*M21)) -> 0 | O21: =SUM(L21-N21) -> 0
E22: TOTAL | F22: =SUM(F16:F21) -> 0 | G22: =SUM(G16:G21) -> 0 | H22: =SUM(H16:H21) -> 0 | J22: =SUM(J16:J21) -> 0 | L22: =SUM(L16:L21) -> 0 | N22: =SUM(N16:N21) -> 0 | O22: =SUM(O16:O21) -> 0
B23: CONVENIO COLECTIVO DE APLICACIÓN:
B24: FECHA PUBLICACIÓN DE BORM / BOE:
F26: Documento firmado electrónicamente por
F27: EL/LA REPRESENTANTE DE LA ENTIDAD
B28: “Los datos consignados en este documento serán tratados de acuerdo a la Ley Orgánica 3/2018, de 5 de diciembre, de Protección de Datos personales y garantía de los derechos digitales”

Sheet  COLAB TÉCNICAS
B7: RELACIÓN DE COLABORACIONES TÉCNICAS
B9: DATOS DEL PROCEDIMIENTO: Subvenciones Plan Desarrollo Gitano 2022
B12: AYUNTAMIENTO:
B13: PROYECTO:
B14: PERIODO DE EJECUCIÓN:
B15: D./Dª. , con NIF como representante legal de dicha entidad
B17: £ DECLARO £ CERTIFICO que en relación con la subvención, los datos que a continuación se consignan corresponden a los profesionales independientes
B18: previstos para la ejecución de este programa:
B19: APELLIDOS Y NOMBRE DEL COLABORADOR | D19: NIF | E19: TITULACIÓN | F19: ACTIVIDAD REALIZADA | G19: DEDICACIÓN AL PROYECTO | K19: COSTE TOTAL | L19: %IMPUTADO AL PROYECTO | M19: TOTAL IMPUTADO PROYECTO | N19: % IMPUTADO SUBVENCIÓN | O19: TOTAL IMPUTADO SUBVENCIÓN | P19: APORTACIÓN ENTIDAD
G20: Horas/Mes | H20: NºMeses | I20: Total horas curso | J20: Precio hora(*)
K21: =(I21*J21) -> 0 | L21: 0 | M21: =IF(ISBLANK(K21),"",(K21*L21)) -> 0 | N21: 0 | O21: =IF(ISBLANK(M21),"",(M21*N21)) -> 0 | P21: =SUM(K21-O21) -> 0
K22: =(I22*J22) -> 0 | L22: 0 | M22: =IF(ISBLANK(K22),"",(K22*L22)) -> 0 | N22: 0 | O22: =IF(ISBLANK(M22),"",(M22*N22)) -> 0 | P22: =SUM(K22-O22) -> 0
K23: =(I23*J23) -> 0 | L23: 0 | M23: =IF(ISBLANK(K23),"",(K23*L23)) -> 0 | N23: 0 | O23: =IF(ISBLANK(M23),"",(M23*N23)) -> 0 | P23: =SUM(K23-O23) -> 0
K24: =(I24*J24) -> 0 | L24: 0 | M24: =IF(ISBLANK(K24),"",(K24*L24)) -> 0 | N24: 0 | O24: =IF(ISBLANK(M24),"",(M24*N24)) -> 0 | P24: =SUM(K24-O24) -> 0
K25: =(I25*J25) -> 0 | L25: 0 | M25: =IF(ISBLANK(K25),"",(K25*L25)) -> 0 | N25: 0 | O25: =IF(ISBLANK(M25),"",(M25*N25)) -> 0 | P25: =SUM(K25-O25) -> 0
J26: TOTAL | K26: =SUM(K21:K25) -> 0 | M26: =SUM(M21:M25) -> 0 | O26: =SUM(O21:O25) -> 0 | P26: =SUM(K26-O26) -> 0
B27: (*) Importe máximo subvencionable 25€ hora.
F28: Documento firmado electrónicamente por
F29: EL/LA REPRESENTANTE DE LA ENTIDAD
B31: “Los datos consignados en este documento serán tratados de acuerdo a la Ley Orgánica 3/2018, de 5 de diciembre, de Protección de Datos personales y garantía de los derechos digitales”

Sheet BECAS ASIST. TTE.
B7: RELACIÓN DE BECAS DE ASISTENCIA Y TRANSPORTE
B9: DATOS DEL PROCEDIMIENTO: Subvenciones Plan Desarrollo Gitano 2022
B12: AYUNTAMIENTO:
B13: PROYECTO:
B14: PERIODO DE EJECUCIÓN:
B15: D./Dª. , con NIF como representante legal de dicha entidad
B17: £ DECLARO £ CERTIFICO que en relación con la subvención, los datos económicos sobre becas de asistencia previstos son:
B19: NOMBRE DE LA ACCION FORMATIVA | D19: PERIODO DE REALIZACION | E19: Nº DE BECAS A CONCEDER | F19: TOTAL HORAS CURSO | G19: HORAS DIA | H19: (*)Nº DIAS LECTIVOS | I19: (**)IMPORTE DIA | J19: COSTE TOTAL | K19: %IMPUTADO AL PROYECTO | L19: COSTE TOTAL IMPUTADO PROYECTO | M19: % IMPUTADO SUBVENCIÓN | N19: TOTAL IMPUTADO SUBVENCIÓN | O19: APORTACIÓN ENTIDAD
J21: =(H21*I21) -> 0 | L21: =IF(ISBLANK(J21),"",(J21*K21)) -> 0 | N21: =IF(ISBLANK(L21),"",(L21*M21)) -> 0 | O21: =SUM(J21-N21) -> 0
J22: =(H22*I22) -> 0 | L22: =IF(ISBLANK(J22),"",(J22*K22)) -> 0 | N22: =IF(ISBLANK(L22),"",(L22*M22)) -> 0 | O22: =SUM(J22-N22) -> 0
J23: =(H23*I23) -> 0 | L23: =IF(ISBLANK(J23),"",(J23*K23)) -> 0 | N23: =IF(ISBLANK(L23),"",(L23*M23)) -> 0 | O23: =SUM(J23-N23) -> 0
J24: =(H24*I24) -> 0 | L24: =IF(ISBLANK(J24),"",(J24*K24)) -> 0 | N24: =IF(ISBLANK(L24),"",(L24*M24)) -> 0 | O24: =SUM(J24-N24) -> 0
J25: =(H25*I25) -> 0 | L25: =IF(ISBLANK(J25),"",(J25*K25)) -> 0 | N25: =IF(ISBLANK(L25),"",(L25*M25)) -> 0 | O25: =SUM(J25-N25) -> 0
H26: =SUM(H21:H25) -> 0 | J26: =SUM(J21:J25) -> 0 | L26: =SUM(L21:L25) -> 0 | N26: =SUM(N21:N25) -> 0 | O26: =SUM(J26-N26) -> 0
B27: OBSERVACIONES: (**) Importe máximo 8 €/día 4 horas de formación o parte proporcional, si esta es inferior. | F27: *Nº Dias lectivos es: La división de "Total horas curso" entre "Horas dia"
B42: Los datos económicos sobre becas de transporte son:
B43: NOMBRE DE LA ACCION FORMATIVA | D43: PERIODO DE REALIZACION | E43: Nº DE BECAS A CONCEDER | F43: TOTAL HORAS CURSO | G43: HORAS DIA | H43: (*)Nº DIAS LECTIVOS | I43: (**)IMPORTE DIA | J43: COSTE TOTAL | K43: %IMPUTADO AL PROYECTO | L43: COSTE TOTAL IMPUTADO PROYECTO | M43: % IMPUTADO SUBVENCIÓN | N43: TOTAL IMPUTADO SUBVENCIÓN | O43: APORTACIÓN ENTIDAD
J45: =(H45*I45) -> 0 | L45: =IF(ISBLANK(J45),"",(J45*K45)) -> 0 | N45: =IF(ISBLANK(L45),"",(L45*M45)) -> 0 | O45: =SUM(J45-N45) -> 0
J46: =(H46*I46) -> 0 | L46: =IF(ISBLANK(J46),"",(J46*K46)) -> 0 | N46: =IF(ISBLANK(L46),"",(L46*M46)) -> 0 | O46: =SUM(J46-N46) -> 0
J47: =(H47*I47) -> 0 | L47: =IF(ISBLANK(J47),"",(J47*K47)) -> 0 | N47: =IF(ISBLANK(L47),"",(L47*M47)) -> 0 | O47: =SUM(J47-N47) -> 0
J48: =(H48*I48) -> 0 | L48: =IF(ISBLANK(J48),"",(J48*K48)) -> 0 | N48: =IF(ISBLANK(L48),"",(L48*M48)) -> 0 | O48: =SUM(J48-N48) -> 0
J49: =(H49*I49) -> 0 | L49: =IF(ISBLANK(J49),"",(J49*K49)) -> 0 | N49: =IF(ISBLANK(L49),"",(L49*M49)) -> 0 | O49: =SUM(J49-N49) -> 0
H50: =SUM(H45:H49) -> 0 | J50: =SUM(J45:J49) -> 0 | L50: =SUM(L45:L49) -> 0 | N50: =SUM(N45:N49) -> 0 | O50: =SUM(J50-N50) -> 0
B54: (**) Importe máximo 4 €/día | D54: Documento firmado electrónicamente por | H54: *Nº Dias lectivos es: La división de "Total horas curso" entre "Horas dia"
D55: EL/LA REPRESENTANTE DE LA ENTIDAD
B58: “Los datos consignados en este documento serán tratados de acuerdo a la Ley Orgánica 3/2018, de 5 de diciembre, de Protección de Datos personales y garantía de los derechos digitales”

Sheet  DIETAS
B7: RELACIÓN DE DIETAS
B9: ENTIDAD LOCAL:
B10: PROYECTO:
B11: PERIODO DE EJECUCIÓN:
B12: D./Dª., con NIF como representante legal de dicha entidad
B13: £ DECLARO £ CERTIFICO que en relación con la subvención para el programa, los datos económicos sobre transporte de personal son:
B15: APELLIDOS Y NOMBRE DEL TRABAJADOR | C15: CATEGORÍA LABORAL | D15: COSTE TOTAL TRANSPORTE | E15: %IMPUTADO AL PROYECTO | F15: TOTAL IMPUTADO PROYECTO | G15: %IMPUTADO SUBVENCIÓN | H15: TOTAL IMPUTADO SUBVENCION | I15: APORTACIÓN ENTIDAD
D17: 0 | E17: 0 | F17: =IF(ISBLANK(D17),"",(D17*E17)) -> 0 | G17: 0 | H17: =IF(ISBLANK(F17),"",(F17*G17)) -> 0 | I17: =SUM(D17:H17) -> 0
D18: 0 | E18: 0 | F18: =IF(ISBLANK(D18),"",(D18*E18)) -> 0 | G18: 0 | H18: =IF(ISBLANK(F18),"",(F18*G18)) -> 0 | I18: =SUM(D18:H18) -> 0
D19: 0 | E19: 0 | F19: =IF(ISBLANK(D19),"",(D19*E19)) -> 0 | G19: 0 | H19: =IF(ISBLANK(F19),"",(F19*G19)) -> 0 | I19: =SUM(D19:H19) -> 0
D20: 0 | E20: 0 | F20: =IF(ISBLANK(D20),"",(D20*E20)) -> 0 | G20: 0 | H20: =IF(ISBLANK(F20),"",(F20*G20)) -> 0 | I20: =SUM(D20:H20) -> 0
C21: TOTAL | D21: =SUM(D17:D20) -> 0 | F21: =SUM(F17:F20) -> 0 | H21: =SUM(H17:H20) -> 0 | I21: =SUM(D21:H21) -> 0
C23: Documento firmado electrónicamente por
C24: EL/LA REPRESENTANTE DE LA ENTIDAD
B26: “Los datos consignados en este documento serán tratados de acuerdo a la Ley Orgánica 3/2018. de 5 de diciembre, de Protección de Datos personales y garantía de los derechos digitales ”
